 Dungeon Crawl Stone Soup version 0.27-a0-421-g7ddf969dea (webtiles) character file.

Game seed: 1060958367353624016

175 Anon1729 the Magician (level 5, -1/38 HPs)
             Began as a Demonspawn Hedge Wizard on Feb 26, 2021.
             Slain by a river rat (5 damage)
             ... in a sewer.
             The game lasted 00:06:53 (3454 turns).

Anon1729 the Magician (Demonspawn Hedge Wizard)     Turns: 3454, Time: 00:06:54

Health: -1/38      AC:  2    Str:  6 (9)  XL:     5   Next: 29%
Magic:  15/20      EV: 12    Int: 15 (16) God:
Gold:   112        SH:  0    Dex: 10 (12) Spells: 10/13 levels left

rFire    + . .     SeeInvis .   o - +0 dagger (venom)
rCold    + . .     Faith    .   (no shield)
rNeg     . . .     Spirit   .   b - +0 robe
rPois    .         Reflect  .   c - +0 hat
rElec    .         Harm     .   l - scarf {rC+ rF+}
rCorr    .         Rampage  .   (no gloves)
Will     .....                  (no boots)
Stlth    +.........             (no amulet)
HPRegen  0.12/turn              n - ring of magical power
MPRegen  0.17/turn              (no ring)

@: very slightly contaminated, very slow
A: antennae 2, powered by death 1, robust 1, weak 1
a: no special abilities


You were in a sewer.
You visited 1 branch of the dungeon, and saw 3 of its levels.
You also visited: Sewer.

You collected 112 gold pieces.

Inventory:

Hand Weapons
 a - a +0 dagger
 o - a +0 dagger of venom (weapon)
Armour
 b - a +0 robe (worn)
 c - a +0 hat (worn)
 l - a scarf of resistance (worn)
Jewellery
 g - a ring of flight
 m - a ring of ice
 n - a ring of magical power (left hand)
Scrolls
 h - 3 scrolls of teleportation
 i - 2 scrolls of magic mapping
Potions
 d - 3 potions of attraction
 e - 2 potions of mutation
 f - a potion of magic


   Skills:
 - Level 1.7 Dodging
 - Level 2.0 Stealth
 + Level 4.6 Spellcasting
 + Level 3.4 Conjurations
 - Level 1.0 Summonings
 - Level 0.8 Translocations


You had 10 spell levels left.
You knew the following spells:

 Your Spells              Type           Power        Failure   Level
a - Magic Dart            Conj           52%          4%          1
b - Call Imp              Summ           6%           17%         2

Your spell library contained the following spells:

 Spells                   Type           Power        Failure   Level
 Blink                    Tloc           N/A          19%         2
 Slow                     Hex            3%           26%         2
 Conjure Flame            Conj/Fire      8%           26%         3
 Mephitic Cloud           Conj/Pois/Air  6%           32%         3


Dungeon Overview and Level Annotations

Branches:
Dungeon (3/15)              Sewer (1/1)

Altars:
Elyvilon


Innate Abilities, Weirdness & Mutations

You have a pair of antennae on your head.
You regenerate a little health from kills.
You are robust. (+10% HP)
You are weak. (Str -2)


Message History

The river rat bites you! The river rat misses you.
Unknown command.
Okay, then.
It was a potion of mutation.
You feel extremely strange.
You feel weaker.
You feel robust. The river rat misses you. The river rat bites you.
* * * LOW HITPOINT WARNING * * *
Unknown command.
It was a potion of magic.
Magic courses through your body. The river rat misses you.
The river rat bites you but does no damage.
It was a potion of degeneration.
There was something very wrong with that liquid.
You feel weakened.
You feel dopey.
You feel clumsy. The river rat barely misses you. The river rat bites you!
* * * LOW HITPOINT WARNING * * *
Unknown command.
It was a potion of curing.
You feel better. The river rat bites you. The river rat barely misses you.
Unknown command.
Casting: Magic Dart (safe; 4% risk of failure)
Confirm with . or Enter, or press ? or * to list all spells.
You miscast Call Imp.
You are very lightly contaminated with residual magic.
Nothing appears to happen.
The river rat bites you.
* * * LOW HITPOINT WARNING * * *
The river rat completely misses you.
Unknown command.
Casting: Call Imp (safe; 17% risk of failure)
Confirm with . or Enter, or press ? or * to list all spells.
You miscast Call Imp.
Nothing appears to happen.
The river rat misses you. The river rat barely misses you.
Unknown command.
Casting: Call Imp (safe; 17% risk of failure)
Confirm with . or Enter, or press ? or * to list all spells.
A beastly little devil appears in a puff of flame.
The river rat bites you!
* * * LOW HITPOINT WARNING * * *
The river rat bites you.
You die...

####################
###.#≈≈≈≈≈≈.≈≈5≈≈≈≈r..
##....≈≈≈≈≈≈≈≈≈@r≈≈≈≈..
#.....≈≈≈≈≈≈≈≈≈≈r≈≈≈≈..
#.....≈≈≈≈≈≈≈≈≈≈≈≈≈≈≈..
##.....≈≈≈≈≈≈≈≈≈≈≈≈≈≈≈..
#......≈≈≈≈≈≈≈≈≈≈≈≈≈≈≈#.
#....##################
#...## ...## ...#


You could see 2 river rats, a rat and a friendly crimson imp (summoned).

Vanquished Creatures
  An orc priest (D:3)
  An orc wizard (D:2)
  A river rat (Sewer)
  2 adders
  2 oozes (D:1)
  2 worms
  2 dart slugs (D:1)
  4 leopard geckos
  5 orcs (D:3)
  3 giant cockroaches
  A goblin (D:1)
  5 hobgoblins
  5 jackals
  4 kobolds
  2 ball pythons
  10 bats
  9 rats
59 creatures vanquished.

Vanquished Creatures (collateral kills)
  A river rat (D:3)
  A worm (D:3)
  A giant cockroach (D:3)
3 creatures vanquished.

Grand Total: 62 creatures vanquished

Notes
Turn   | Place    | Note
-------+----------+-------------------------------------------
     0 | D:1      | Anon1729 the Demonspawn Hedge Wizard began the quest for
                  | the Orb.
     0 | D:1      | Reached XP level 1. HP: 13/13 MP: 4/4
   497 | D:1      | Gained mutation: You regenerate a little health from kills.
                  | [demonic ancestry]
   497 | D:1      | Reached XP level 2. HP: 19/19 MP: 1/6
  1094 | D:1      | Gained mutation: You have a pair of small antennae on your
                  | head. [demonic ancestry]
  1094 | D:1      | Reached XP level 3. HP: 24/24 MP: 5/8
  1677 | D:2      | Found a white marble altar of Elyvilon.
  2166 | D:2      | Reached skill level 4 in Spellcasting
  2358 | D:2      | Gained mutation: You have a pair of antennae on your head.
                  | [demonic ancestry]
  2358 | D:2      | Reached XP level 4. HP: 30/30 MP: 10/10
  2943 | D:3      | Reached XP level 5. HP: 12/35 MP: 10/11
  3069 | D:3      | Learned a level 2 spell: Call Imp
  3093 | D:3      | Found a glowing drain.
  3113 | Sewer    | Entered a sewer
  3448 | Sewer    | Gained mutation: You are weak. (Str -2) [potion of
                  | mutation]
  3448 | Sewer    | Gained mutation: You are robust. (+10% HP) [potion of
                  | mutation]
  3454 | Sewer    | Slain by a river rat

Illustrated notes

Levels and vault maps discovered:
D:1:      minmay_arrival_doors, layout_basic, item_on_display_a
D:2:      layout_loops_ring, elyvilon_altar_1, kennysheep_generic_room_15
D:3:      layout_basic, general_overflow_altar, nicolae_overflow_crystal_walls,
          portal_sewer_entry_b
Sewer:    sewer_minmay_w

Skill      XL: |  1  2  3  4 |
---------------+-------------+-----
Stealth        | 2 |  2.0
Conjurations   | 2 3 |  3.4
Spellcasting   | 4 |  4.6
Dodging        | |  1.7
Summonings     | |  1.0
Translocations | |  0.8

Action                   |  1- 3 |  4- 6 || total
-------------------------+-------+-------++-------
Melee: Dagger            |    25 |    26 ||    51
 Cast: Magic Dart        |   105 |    63 ||   168
       Call Imp          |       |     3 ||     3
  Use: Scroll            |       |     3 ||     3
       Potion            |       |     4 ||     4
 Stab: Sleeping          |       |     1 ||     1
Armor: Robe              |    10 |     6 ||    16
Dodge: Dodged            |    26 |    39 ||    65

Table legend: (Time is in decaauts)
 A = Elapsed time spent in this place.
 B = Non-inter-level travel time spent in this place.
 C = Inter-level travel time spent in this place.
 D = Time resting spent in this place.
 E = Time spent auto-exploring this place.
 F = Levels seen in this place.
 G = Mean time per level.
                   A        B        C        D        E       F      G
               +--------+--------+--------+--------+--------+-----+--------+
         Total |   3474 |   3387 |     87 |    496 |   2399 |   4 |  868.5 |
       Dungeon |   3117 |   3030 |     87 |    406 |   2185 |   3 | 1039.0 |
         Sewer |    356 |    356 |      0 |     90 |    214 |   1 |  356.0 |
               +--------+--------+--------+--------+--------+-----+--------+

Top non-repeatable levels by time:
     D:1: 1464 daAuts
     D:2: 1237 daAuts
     D:3: 416 daAuts
   Sewer: 356 daAuts
